 Dungeon Crawl Stone Soup version 0.20-a0-1088-gd50b1d5 (webtiles) character file.

369956 MatthieuS the Acrobat (level 22, -4/188 HPs)
             Began as a Merfolk Gladiator on May 1, 2017.
             Was the Champion of the Shining One.
             Slain by a vault warden
             ... wielding a +3 great sword of holy wrath
              (25 damage)
             ... on level 4 of the Vaults on May 2, 2017.
             The game lasted 04:12:41 (46607 turns).

MatthieuS the Acrobat (Merfolk Gladiator)          Turns: 46607, Time: 04:12:41

Health: -4/188     AC: 18    Str: 17    XL:     22   Next: 64%
Magic:  28/28      EV: 35    Int:  9    God:    the Shining One [******]
Gold:   59         SH:  0    Dex: 29    Spells: 9/33 levels left

rFire    + . .     SeeInvis +   a - +8 great sword (freeze)
rCold    . . .     Gourm    .   (shield currently unavailable)
rNeg     + + +     Faith    +   V - +3 leather armour {rF+}
rPois    +         Spirit   .   c - +2 helmet
rElec    .         Reflect  .   M - +2 cloak
rCorr    .         Harm     .   X - +0 pair of fencer's gloves {+Riposte Dex+3}
MR       ++...                  x - +2 pair of boots
Stlth    +.........             b - amulet of faith
Regen    0.5/turn               g - ring of protection from magic
MPRegen  0.3/turn               P - ring of Epuisud {rPois Int-2 Dex+3 SInv}

@: glowing
A: change form in water, swift swim, stealthy swim, icy blue scales 1, clever 2,
low mp 1
}: 2/15 runes: serpentine, barnacled
a: Divine Shield, Cleansing Flame, Summon Divine Warrior, Brand Weapon With Holy
Wrath, Renounce Religion


You were on level 4 of the Vaults.
You worshipped the Shining One.
The Shining One was exalted by your worship.
You were not hungry.

You visited 7 branches of the dungeon, and saw 36 of its levels.
You also visited: Ossuary and Bailey.

You collected 3556 gold pieces.
You spent 3497 gold pieces at shops.

Inventory:

Hand Weapons
 a - a +8 great sword of freezing (weapon)
 o - a +4 scimitar of flaming
 w - a +3 blowgun
Missiles
 d - 13 throwing nets (quivered)
 v - 76 poisoned needles
 D - 10 curare-tipped needles
Armour
 c - a +2 helmet (worn)
 m - a +2 buckler of cold resistance
 r - a scarf of cold resistance
 x - a +2 pair of boots (worn)
 C - +0 fire dragon scales
 M - a +2 cloak (worn)
 V - a +3 leather armour of fire resistance (worn)
 X - the +0 pair of fencer's gloves (worn) {+Riposte Dex+3}
   (You found it on level 3 of the Vaults)

   It affects your dexterity (+3).
Jewellery
 b - an amulet of faith (around neck)
 e - an uncursed ring of resist corrosion
 g - a ring of protection from magic (left hand)
 y - an uncursed ring of protection from fire
 P - the ring of Epuisud (right hand) {rPois Int-2 Dex+3 SInv}
   (You bought it in a shop on level 2 of the Orcish Mines)

   [ring of see invisible]

   It affects your intelligence (-2).
   It affects your dexterity (+3).
   It protects you from poison.
   It lets you see invisible.
Wands
 l - a wand of confusion (18/48)
 F - a wand of lightning (8/15)
 K - a wand of scattershot (4/9)
 T - a wand of digging (9/24)
 W - a wand of acid (6/15)
 Y - a wand of digging (17/24)
 Z - a wand of acid (5/15)
Scrolls
 h - 9 scrolls of enchant armour
 k - 2 scrolls of holy word
 p - 7 scrolls of remove curse
 q - 5 scrolls of identify
 u - 5 scrolls of blinking
 z - 2 scrolls of enchant weapon
 E - 5 scrolls of recharging
 H - 4 scrolls of magic mapping
 I - 7 scrolls of teleportation
 O - 10 scrolls of fear
 S - 3 scrolls of fog
Potions
 j - 12 potions of curing
 t - 8 potions of brilliance
 B - 3 potions of ambrosia
 G - 6 potions of flight
 Q - 3 potions of haste
 U - a potion of berserk rage
Miscellaneous
 n - a phial of floods
 L - a fan of gales
 R - 2 boxes of beasts
Comestibles
 f - 7 bread rations
 i - 11 meat rations
 s - 9 chunks of flesh
 A - 17 royal jellies
 N - 17 fruits


   Skills:
 * Level 19.6 Fighting
 - Level 20.3 Long Blades
 - Level 11.9 Throwing
 - Level 3.1 Armour
 + Level 22.1 Dodging
 * Level 6.3 Shields
 - Level 6.0 Spellcasting
 - Level 9.0 Transmutations
 - Level 12.7 Invocations
 - Level 3.5 Evocations


You had 9 spell levels left.
You knew the following spells:

 Your Spells              Type           Power        Failure   Level  Hunger
a - Dragon Form           Tmut           ###.......   99%         7    #######
b - Corona                Hex            #......      26%         1    None
c - Swiftness             Chrm/Air       #.......     36%         2    ##.....
d - Blink                 Tloc           N/A          36%         2    ##.....
e - Slow                  Hex            #.......     36%         2    ##.....
f - Petrify               Tmut/Erth      ##......     38%         4    ####...
g - Hydra Form            Tmut           ###.......   69%         6    #######


Dungeon Overview and Level Annotations

Branches:
Dungeon (15/15)            Temple (1/1) D:6            Lair (6/6) D:11
 Shoals (4/4) Lair:4        Snake (4/4) Lair:2        Slime (0/5) Lair:6
    Orc (2/2) D:10            Elf (0/3) Orc:2        Vaults (4/5) D:13
  Crypt (0/3) Vaults:2     Depths (0/5) D:15

Altars:
Ashenzari
Cheibriados
Dithmenos
Elyvilon
Fedhas
Gozag
Hepliaklqana
Kikubaaqudgha
Makhleb
Nemelex Xobeh
Okawaru
Qazlal
Ru
Sif Muna
Trog
Uskayaw
Vehumet
Wu Jian
Xom
Zin
The Shining One
Beogh
Jiyva

Shops:
D:5 ?   D:7 !   D:10 %?!:=   D:11 %   D:12 *   D:15 [   Orc:2 :=(:*=*
Shoals:4 =   Snake:3 ?   Snake:4 (   Vaults:1 [   Vaults:2 [   Vaults:3 ?(}

Portals:
Trove: D:13 (give 5 potions of resistance)

Annotations:
Lair:3 exclusion: oklob plant
Shoals:3 exclusion: oklob plant
Shoals:4 Mara


Innate Abilities, Weirdness & Mutations

You revert to your normal form in water.
You are very nimble and swift while swimming.
You are very stealthy in the water. (Stealth+)
You are partially covered in icy blue scales. (AC +2)
Your mind is very acute. (Int +4)
Your magical capacity is low. (-10% MP)


Message History

Your daeva calls down the wrath of the Shining One upon the vault warden.
The vault warden is smitten.
The vault warden hits you with a great sword of holy wrath.
* * * LOW HITPOINT WARNING * * *
The runic seal fades away.
You feel less invigorated.
You feel less confused. The vault warden completely misses you.
Your daeva hits the vault warden with an eudemon blade of holy wrath.
Your daeva hits the vault warden with an eudemon blade of holy wrath!
The vault warden hits you from afar with an enchanted halberd!!
* * * LOW HITPOINT WARNING * * *
Your daeva hits the vault warden with an eudemon blade of holy wrath!!
The vault warden dies!
The runic seal fades away.
The vault warden hits you with a great sword of holy wrath!
* * * LOW HITPOINT WARNING * * *
Your daeva hits the vault warden with an eudemon blade of holy wrath!
Your daeva hits the vault warden with an eudemon blade of holy wrath.
The vault warden hits you with a great sword of holy wrath!!
You die...

#'#### #..### .....#
#.... .....# #...
.....####+##
.....'.....##
.)..)##.....## #####
)))..###.....###.#.# #
)()..# ##.....##().#...#
.....# ##....(+@p)+...#
.....######+####[A.#...#
.....#......# #.#.# #
.(...#......# #####
.(..(+......#
.....+......#
.....#......#
.....#......#
.....#......#


You could see a vault warden and a friendly daeva.

Vanquished Creatures
  Frederick (Vaults:1)
  Rupert (Lair:3)
  A sphinx (Vaults:1)
  A sphinx (shapeshifter) (Vaults:1)
  2 storm dragons (Vaults:4)
  Ilsuiw (Shoals:4)
  3 nagarajas (Snake:4)
  2 frost giants
  A fire giant (Vaults:4)
  10 vault wardens
  A deep elf elementalist (Vaults:4)
  15 ironheart preservers
  A war gargoyle (Vaults:1)
  6 stone giants
  A very ugly thing (Vaults:3)
  An entropy weaver (Vaults:2)
  3 ettins (Vaults:4)
  Snorg (Lair:3)
  14 merfolk impalers
  4 merfolk javelineers
  5 fire dragons
  2 great orbs of eyes
  5 yaktaur captains
  Fannar (D:10)
  Harold (Lair:3)
  16 naga warriors
  A rakshasa (Vaults:3)
  Erica (D:8)
  15 vault guards
  8 hydras
  6 merfolk avatars
  2 alligator snapping turtles (Shoals:4)
  10 anacondas
  A death knight (Vaults:2)
  7 centaur warriors
  A satyr (Shoals:3)
  4 ogre magi
  A two-headed ogre (shapeshifter) (Vaults:1)
  10 two-headed ogres
  2 deep troll earth magi
  4 death yaks (Lair:6)
  A deep troll shaman (Vaults:3)
  3 merfolk aquamancers
  A vampire mage (Vaults:2)
  6 orc high priests
  2 tengu warriors (D:14)
  4 shock serpents
  Nergalle (D:12)
  Urug (D:10)
  2 deep elf knights
  9 naga sharpshooters
  Sonja (D:12)
  A salamander mystic (Snake:1)
  A shadow wraith (Vaults:1)
  13 sea snakes
  An unseen horror (shapeshifter) (Vaults:1)
  10 naga ritualists
  2 deep trolls (Vaults:3)
  A glowing orange brain (Vaults:3)
  5 unseen horrors
  2 flayed ghosts
  3 deep elf archers
  A wolf spider zombie (D:14)
  3 wizards
  2 lindwurms (Lair:6)
  A deep troll (shapeshifter) (Vaults:4)
  14 ironbrand convokers
  2 necromancers (Vaults:4)
  3 orc sorcerers
  2 mana vipers (Snake:1)
  8 deep elf magi
  20 ugly things
  9 harpies
  14 fauns
  11 orc knights
  A phantasmal warrior (Vaults:3)
  7 manticores
  2 wolf spiders
  10 cyclopes
  11 salamanders
  9 merfolk sirens
  18 elephants
  Maurice (D:8)
  3 molten gargoyles (Lair:6)
  Joseph (D:8)
  6 guardian serpents
  32 black mambas
  15 water nymphs
  12 vault sentinels
  32 naga magi
  A black mamba (shapeshifter) (Vaults:1)
  A gargoyle (D:11)
  A torpor snail (Lair:5)
  11 spiny frogs
  2 rime drakes
  6 freezing wraiths
  2 kobold demonologists
  9 komodo dragons
  An efreet (D:15)
  2 human zombies
  25 yaktaurs
  2 tengu conjurers (D:15)
  A harpy zombie (D:14)
  39 merfolk
  A polar bear (Lair:5)
  A merfolk (shapeshifter) (Vaults:1)
  4 trolls
  5 wind drakes
  A yaktaur skeleton (Vaults:2)
  5 meliai
  A hornet (Vaults:1)
  A meliai zombie (D:11)
  8 blink frogs
  An ettin zombie (Vaults:4)
  A dream sheep (shapeshifter) (Vaults:3)
  A snapping turtle (shapeshifter) (Vaults:1)
  7 dream sheep
  A blink frog (shapeshifter) (Vaults:1)
  14 snapping turtles
  A hippogriff (shapeshifter) (Vaults:4)
  14 hippogriffs
  An iron dragon simulacrum (Vaults:4)
  5 slime creatures
  A spriggan (D:11)
  A shadow (D:12)
  A spriggan (shapeshifter) (Vaults:2)
  A tarantella (shapeshifter) (Vaults:4)
  45 yaks
  2 humans (D:11)
  A tarantella (Vaults:2)
  5 wyverns
  An ettin skeleton (Vaults:2)
  3 redbacks (Vaults:2)
  8 basilisks
  8 water elementals
  A golden eye (shapeshifter) (Vaults:3)
  4 steam dragons
  3 vampire mosquitoes (D:12)
  3 hungry ghosts (D:12)
  A redback simulacrum (D:14)
  48 nagas
  4 wargs
  10 water moccasins
  A swamp worm (shapeshifter) (Vaults:2)
  3 acid dragons
  8 porcupines
  4 hell hounds (Lair:6)
  42 orc warriors
  4 sky beasts
  4 eyes of draining
  7 ice beasts
  A black bear (D:10)
  A necrophage (D:9)
  17 ogres
  10 wolves
  5 boggarts (Vaults:1)
  26 centaurs
  14 crocodiles
  9 big kobolds
  An elf zombie (Ossuary)
  11 bullfrogs
  7 scorpions
  4 human simulacra
  8 killer bees
  14 wights
  4 electric eels (D:11)
  3 howler monkeys
  2 bullfrog zombies
  5 crimson imps
  5 centaur zombies
  5 lava snakes (Lair:6)
  9 hounds
  4 centaur skeletons
  33 orc priests
  6 jellies
  3 bullfrog skeletons
  13 human skeletons
  Jessica (D:3)
  6 iguanas
  38 orc wizards
  15 worker ants
  A big kobold zombie (Ossuary)
  3 mummies (Ossuary)
  16 adders
  10 gnolls
  6 shadow imps
  4 adder zombies (Ossuary)
  5 worms
  2 dart slugs (D:1)
  6 leopard geckos
  116 orcs
  6 giant cockroaches
  6 goblins
  2 hobgoblins (D:2)
  6 jackals
  4 quokkas
  A ball python (D:2)
  12 bats
  3 frilled lizards
  A giant cockroach zombie (D:6)
  A goblin zombie (Ossuary)
  3 hobgoblin zombies (Ossuary)
  21 kobolds
  4 kobold zombies (Ossuary)
  A leopard gecko skeleton (D:5)
  2 quokka zombies (D:7)
  10 rats
  4 rat zombies (Ossuary)
  3 fungi
  11 plants
1443 creatures vanquished.

Vanquished Creatures (collateral kills)
  A lich (Vaults:3)
  2 nagarajas
  4 vault wardens
  2 frost giants
  2 stone giants
  An ettin (D:15)
  A merfolk impaler (Shoals:4)
  5 vault guards
  3 two-headed ogres (D:15)
  A catoblepas (D:14)
  3 death knights
  2 anacondas (Snake:1)
  3 naga warriors
  An ogre mage (D:15)
  A tengu warrior (D:15)
  A naga sharpshooter (Snake:4)
  A deep elf knight (Vaults:2)
  2 salamander mystics (Snake:3)
  A naga ritualist (Snake:4)
  A necromancer (Vaults:2)
  An ironbrand convoker (Vaults:4)
  3 mana vipers (Snake:1)
  A phantasmal warrior (Vaults:4)
  10 ugly things
  2 orc knights
  3 harpies
  A deep elf mage (Vaults:3)
  A faun (Shoals:1)
  2 manticores
  A salamander (Snake:3)
  A salamander (shapeshifter) (D:14)
  2 cyclopes
  A vault sentinel (Vaults:3)
  A centaur zombie (D:15)
  3 black mambas
  4 naga magi
  A gargoyle (D:14)
  A yaktaur (Vaults:2)
  A meliai (D:14)
  A snapping turtle (Shoals:1)
  A vampire (D:14)
  3 yaks (D:14)
  8 nagas
  An ice beast (shapeshifter) (D:15)
  An ogre (D:15)
  3 wights (D:15)
96 creatures vanquished.

Vanquished Creatures (others)
  A merfolk aquamancer (Shoals:4)
  2 nagas (Snake:3)
  A bullfrog (D:8)
  A hound (D:8)
  An adder zombie (D:8)
  A jackal (D:8)
  3 kobolds (D:8)
  A bush (Lair:6)
  8 fungi
  16 plants
  4 tentacles (Shoals:1)
39 creatures vanquished.

Grand Total: 1578 creatures vanquished

Notes
Turn   | Place    | Note
-------+----------+-------------------------------------------
     0 | D:1      | MatthieuS the Merfolk Gladiator began the quest for the Orb.
     0 | D:1      | Reached XP level 1. HP: 16/16 MP: 1/1
   162 | D:1      | Reached XP level 2. HP: 20/23 MP: 2/2
   564 | D:1      | Reached XP level 3. HP: 28/28 MP: 3/3
  1518 | D:2      | Reached XP level 4. HP: 26/34 MP: 4/4
  2124 | D:3      | Reached XP level 5. HP: 37/41 MP: 5/5
  2193 | D:3      | Noticed Jessica
  2200 | D:3      | Killed Jessica
  2200 | D:3      | Reached skill level 5 in Long Blades
  2432 | D:3      | Reached skill level 5 in Dodging
  2855 | D:4      | Noticed an ogre
  2858 | D:4      | Gained mutation: Your body sometimes deteriorates upon taking damage. [potion of mutation]
  2858 | D:4      | Gained mutation: Armour fits poorly on your strangely shaped body. [potion of mutation]
  2858 | D:4      | Gained mutation: You have a pair of small horns on your head. [potion of mutation]
  2862 | D:4      | Killed an ogre
  2862 | D:4      | Reached XP level 6. HP: 47/47 MP: 6/6
  2902 | D:4      | Lost mutation: Your body sometimes deteriorates upon taking damage. [potion of mutation]
  2902 | D:4      | Lost mutation: Armour fits poorly on your strangely shaped body. [potion of mutation]
  2902 | D:4      | Lost mutation: You have a pair of small horns on your head. [potion of mutation]
  2902 | D:4      | Gained mutation: You evolve. [potion of mutation]
  2902 | D:4      | Gained mutation: You are agile. (Dex +2) [potion of mutation]
  2967 | D:4      | You fall through a shaft for 2 floors!
  3041 | D:6      | Noticed a sky beast
  3093 | D:6      | Killed a sky beast
  3357 | D:6      | Noticed an ice beast
  3372 | D:6      | Noticed an ice beast
  3390 | D:5      | Entered Level 5 of the Dungeon
  3392 | D:5      | Found a radiant altar of Vehumet.
  3409 | D:5      | Reached XP level 7. HP: 20/52 MP: 7/7
  3497 | D:5      | Reached skill level 5 in Shields
  3649 | D:4      | Found a radiant altar of Vehumet.
  3891 | D:4      | Reached XP level 8. HP: 34/60 MP: 8/8
  4183 | D:4      | Gained mutation: You have a pair of small antennae on your head. [evolution]
  4380 | D:4      | Found a deep blue altar of Sif Muna.
  4400 | D:4      | Identified Sif Muna's Grimoire of Transformation
  4458 | D:5      | Found Yxacri's Magic Scroll Shop.
  4471 | D:5      | Bought a scroll of blinking for 97 gold pieces
  4471 | D:5      | Bought a scroll of fear for 45 gold pieces
  4471 | D:5      | Bought a scroll of identify for 26 gold pieces
  4471 | D:5      | Bought a scroll of identify for 26 gold pieces
  4502 | D:5      | Reached skill level 1 in Evocations
  4817 | D:5      | Reached skill level 6 in Dodging
  5069 | D:5      | Found a glowing silver altar of Zin.
  5434 | D:6      | HP: 3/61 [orc warrior/glaive (15)]
  6392 | D:6      | Reached skill level 5 in Fighting
  6392 | D:6      | Reached XP level 9. HP: 33/68 MP: 4/11
  6793 | D:6      | Reached skill level 7 in Dodging
  7315 | D:6      | Found a staircase to the Ecumenical Temple.
  7319 | Temple   | Entered the Ecumenical Temple
  7398 | Temple   | Became a worshipper of the Shining One
  7476 | D:7      | Found Xeydiah's Distillery.
  7489 | D:7      | Bought a potion of heal wounds for 80 gold pieces
  7506 | D:7      | Found a sand-covered staircase.
  7517 | Ossuary  | Entered an ossuary
  7548 | Ossuary  | Reached * piety under the Shining One
  7592 | Ossuary  | Reached skill level 1 in Invocations
  7635 | Ossuary  | Reached ** piety under the Shining One
  7842 | D:7      | Found a burning altar of Makhleb.
  7846 | D:7      | Noticed a cacodemon
  8242 | D:7      | Reached skill level 8 in Dodging
  8518 | D:8      | Noticed Maurice
  8533 | D:8      | Killed Maurice
  8533 | D:8      | Reached skill level 10 in Long Blades
  8533 | D:8      | Reached XP level 10. HP: 74/77 MP: 12/12
  8813 | D:8      | Noticed Erica
  8839 | D:8      | Killed Erica
  8839 | D:8      | Reached skill level 9 in Dodging
  9073 | D:8      | Reached *** piety under the Shining One
  9095 | D:8      | Found a shimmering altar of Xom.
  9330 | D:8      | Noticed Joseph
  9361 | D:8      | Killed Joseph
  9396 | D:8      | Gained mutation: Your system is resistant to poisons. (rPois) [evolution]
 10142 | D:9      | Reached XP level 11. HP: 80/86 MP: 11/13
 10197 | D:9      | Reached skill level 10 in Dodging
 10628 | D:10     | Entered Level 10 of the Dungeon
 10628 | D:10     | Found Udiolid's Book Boutique.
 10653 | D:10     | Noticed an unseen horror
 10658 | D:10     | Killed an unseen horror
 10673 | D:10     | Found Ofoqemuer's Food Emporium.
 10704 | D:10     | Found Sissy's Magic Scroll Emporium.
 10749 | D:10     | Found Vueronk's Distillery.
 10763 | D:10     | Bought a potion of heal wounds for 75 gold pieces
 10803 | D:10     | Noticed Urug
 10832 | D:10     | Killed Urug
 10857 | D:10     | Reached skill level 11 in Dodging
 11002 | D:10     | Found Utaxt's Jewellery Emporium.
 11002 | D:10     | Found a staircase to the Orcish Mines.
 11016 | D:10     | Found a flagged portal.
 11025 | Bailey   | Entered a bailey
 11183 | Bailey   | Gained mutation: You are partially covered in large bone plates. (SH +4) [evolution]
 11249 | Bailey   | Reached **** piety under the Shining One
 11430 | Bailey   | Noticed an orc knight
 11452 | Bailey   | Killed an orc knight
 11546 | D:10     | Got a dazzling halberd
 11583 | D:10     | Found a roughly hewn altar of Beogh.
 11832 | D:10     | Noticed Fannar
 11844 | D:10     | Killed Fannar
 11844 | D:10     | Reached XP level 12. HP: 62/97 MP: 9/14
 12884 | D:11     | Found Tedaj's Food Shoppe.
 12925 | D:11     | Reached skill level 10 in Fighting
 12925 | D:11     | Reached skill level 12 in Dodging
 13237 | D:11     | Found a snail-covered altar of Cheibriados.
 13563 | D:11     | Noticed a five-headed hydra
 13833 | D:10     | Upgraded the game from 0.20-a0-1085-g627af9b to 0.20-a0-1088-gd50b1d5
 13840 | D:11     | Found a staircase to the Lair.
 13895 | D:11     | Lost mutation: Your system is resistant to poisons. (rPois) [evolution]
 14108 | D:11     | Found an iron altar of Okawaru.
 14158 | D:11     | Killed a one-headed hydra
 14318 | Lair:1   | Entered Level 1 of the Lair of Beasts
 15432 | Lair:2   | Reached skill level 5 in Invocations
 15530 | Lair:2   | Found a staircase to the Snake Pit.
 15749 | Lair:2   | Noticed a five-headed hydra
 15763 | Lair:2   | Killed a one-headed hydra
 15763 | Lair:2   | Reached skill level 13 in Dodging
 15763 | Lair:2   | Reached XP level 13. HP: 60/105 MP: 10/17
 15907 | Lair:2   | Gained mutation: You expend magic power (3 MP) to strengthen your wands. [evolution]
 16034 | Lair:2   | Reached skill level 15 in Long Blades
 16300 | Lair:3   | Noticed Rupert
 16303 | Lair:3   | Paralysed by Rupert for 5 turns
 16308 | Lair:3   | Noticed Snorg
 16730 | Lair:3   | Killed Rupert
 17080 | Lair:3   | Found a shimmering altar of Xom.
 17099 | Lair:3   | Killed Snorg
 17177 | Lair:3   | Noticed Harold
 17191 | Lair:3   | HP: 5/106 [Harold/bolt of fire (35)]
 18106 | Lair:3   | Killed Harold
 18412 | Lair:4   | Got a transparent hand crossbow
 18413 | Lair:4   | Identified the +1 hand crossbow "Jankudgho" {speed, Str+7} (You found it on level 4 of the Lair of Beasts)
 18910 | Lair:4   | Found a staircase to the Shoals.
 18932 | Lair:4   | Gained mutation: Your natural rate of healing is unusually fast. [evolution]
 19276 | Lair:5   | Reached skill level 14 in Dodging
 19638 | Lair:5   | Reached ***** piety under the Shining One
 19646 | Lair:5   | Reached skill level 1 in Armour
 20235 | Lair:6   | Entered Level 6 of the Lair of Beasts
 20248 | Lair:5   | Reached XP level 14. HP: 39/114 MP: 18/18
 20642 | Lair:5   | Lost mutation: You are partially covered in large bone plates. (SH +4) [potion of mutation]
 20642 | Lair:5   | Lost mutation: You are agile. (Dex +2) [potion of mutation]
 20642 | Lair:5   | Gained mutation: Your magical capacity is low. (-10% MP) [potion of mutation]
 20642 | Lair:5   | Gained mutation: Your spells are a little harder to cast, but a little more powerful. [potion of mutation]
 20643 | Lair:5   | Lost mutation: Your spells are a little harder to cast, but a little more powerful. [potion of mutation]
 20643 | Lair:5   | Lost mutation: You evolve. [potion of mutation]
 20643 | Lair:5   | Lost mutation: Your magical capacity is low. (-10% MP) [potion of mutation]
 20643 | Lair:5   | Lost mutation: You have a pair of small antennae on your head. [potion of mutation]
 20643 | Lair:5   | Gained mutation: Your spells are a little harder to cast, but a little more powerful. [potion of mutation]
 20643 | Lair:5   | Gained mutation: You have a somewhat thin skeletal structure. (Dex +2, Stealth) [potion of mutation]
 21053 | Lair:6   | Found a large runed door.
 21054 | Lair:6   | Found a large runed door.
 21588 | Lair:6   | Reached skill level 15 in Dodging
 21594 | Lair:6   | Found a staircase to the Slime Pits.
 21597 | Lair:6   | Found a viscous altar of Jiyva.
 22297 | Orc:1    | Entered Level 1 of the Orcish Mines
 22992 | Orc:1    | Reached XP level 15. HP: 122/122 MP: 20/20
 23088 | Orc:2    | Entered Level 2 of the Orcish Mines
 23458 | Orc:2    | Found Ciesa Cisk's Jewellery Boutique.
 23470 | Orc:2    | Found a staircase to the Elven Halls.
 23471 | Orc:2    | Reached ****** piety under the Shining One
 23489 | Orc:2    | Found Zoripurr's General Store.
 23627 | Orc:2    | Found Oluank's Assorted Antiques.
 23627 | Orc:2    | Found Xekli's Jewellery Boutique.
 23627 | Orc:2    | Found Kumen's Book Shop.
 23707 | Orc:2    | Found Muhusiot's Antique Weapon Boutique.
 23728 | Orc:2    | Bought the ring of Epuisud {rPois Int-2 Dex+3 SInv} for 396 gold pieces
 23910 | Orc:2    | Found Veurak's Book Shoppe.
 24147 | Orc:2    | Bought a scroll of enchant armour for 127 gold pieces
 24147 | Orc:2    | Bought a scroll of enchant weapon for 127 gold pieces
 24153 | Orc:2    | Bought a scroll of blinking for 127 gold pieces
 24181 | Orc:2    | Bought a scroll labeled LIMNOGGUZAS for 37 gold pieces
 24181 | Orc:2    | Bought a scroll of identify for 74 gold pieces
 24729 | D:12     | Found Tejachix's General Store.
 24889 | D:12     | Noticed Nergalle
 24900 | D:12     | Killed Nergalle
 24966 | D:12     | Noticed Sonja
 24971 | D:12     | Killed Sonja
 25549 | D:13     | Found a portal to a secret trove of treasure.
 25639 | D:13     | Identified a scroll of acquirement
 25752 | D:13     | Found a gate to the Vaults.
 25803 | D:13     | Reached skill level 16 in Dodging
 25901 | D:13     | Found a snail-covered altar of Cheibriados.
 26890 | D:14     | Reached XP level 16. HP: 54/131 MP: 23/23
 27406 | D:15     | Entered Level 15 of the Dungeon
 27606 | D:15     | Found Cicisa Suyh's Armour Shop.
 27650 | D:15     | Bought a +3 leather armour of fire resistance for 336 gold pieces
 27753 | D:14     | Reached skill level 10 in Invocations
 28066 | D:15     | Found a staircase to the Depths.
 28462 | D:15     | Learned a level 7 spell: Dragon Form
 28608 | Shoals:1 | Entered Level 1 of the Shoals
 28621 | Shoals:1 | Reached skill level 1 in Transmutations
 28940 | Shoals:1 | Got a bloodstained dagger
 28976 | Shoals:1 | Reached skill level 17 in Dodging
 29022 | Lair:4   | Identified the +10 dagger of Corporal Punishment {freeze, Int+2} (You found it on level 1 of the Shoals)
 29218 | Snake:1  | Entered Level 1 of the Snake Pit
 29311 | Snake:1  | Reached skill level 1 in Spellcasting
 29515 | Snake:1  | Lost mutation: Your spells are a little harder to cast, but a little more powerful. [potion of mutation]
 29515 | Snake:1  | Lost mutation: You expend magic power (3 MP) to strengthen your wands. [potion of mutation]
 29515 | Snake:1  | Lost mutation: Your natural rate of healing is unusually fast. [potion of mutation]
 29515 | Snake:1  | Gained mutation: You are surrounded by a mild repulsion field. (EV +2) [potion of mutation]
 29515 | Snake:1  | Gained mutation: You are robust. (+10% HP) [potion of mutation]
 29515 | Snake:1  | Gained mutation: You do not regenerate when monsters are visible. [potion of mutation]
 29515 | Snake:1  | Gained mutation: You have a pair of small antennae on your head. [potion of mutation]
 29521 | Snake:1  | Reached skill level 5 in Spellcasting
 29521 | Snake:1  | Reached XP level 17. HP: 134/152 MP: 24/24
 29522 | Snake:1  | Reached skill level 15 in Fighting
 29522 | Snake:1  | Reached XP level 18. HP: 144/163 MP: 25/25
 29626 | Snake:1  | Got an ichor-stained scale mail
 29637 | Snake:1  | Identified the +6 scale mail "Winel" {+Fly rElec Regen+ Str+2 Int+2} (You found it on level 1 of the Snake Pit)
 29725 | Snake:1  | Learned a level 1 spell: Corona
 29728 | Snake:1  | Learned a level 2 spell: Swiftness
 29851 | Snake:1  | Reached skill level 5 in Transmutations
 30349 | Snake:1  | Learned a level 2 spell: Blink
 30879 | Snake:2  | Reached XP level 19. HP: 157/170 MP: 26/26
 31194 | Snake:2  | Found a snail-covered altar of Cheibriados.
 32002 | Snake:3  | Found Piono's Magic Scroll Boutique.
 32007 | Snake:3  | Bought a scroll of identify for 36 gold pieces
 32007 | Snake:3  | Bought a scroll of enchant armour for 135 gold pieces
 32007 | Snake:3  | Bought a scroll of identify for 36 gold pieces
 32007 | Snake:3  | Bought a scroll of identify for 36 gold pieces
 32007 | Snake:3  | Bought a scroll of identify for 36 gold pieces
 32007 | Snake:3  | Bought a scroll of blinking for 135 gold pieces
 32007 | Snake:3  | Bought a scroll of identify for 36 gold pieces
 32007 | Snake:3  | Bought a scroll of enchant weapon for 135 gold pieces
 32007 | Snake:3  | Bought a scroll of teleportation for 54 gold pieces
 32340 | Snake:3  | Lost mutation: You are robust. (+10% HP) [potion of mutation]
 32340 | Snake:3  | Lost mutation: You have a somewhat thin skeletal structure. (Dex +2, Stealth) [potion of mutation]
 32340 | Snake:3  | Lost mutation: You do not regenerate when monsters are visible. [potion of mutation]
 32340 | Snake:3  | Gained mutation: You occasionally shout uncontrollably at your foes. [potion of mutation]
 32340 | Snake:3  | Gained mutation: You have an increased reservoir of magic. (+10% MP) [potion of mutation]
 32340 | Snake:3  | Gained mutation: You have a pair of antennae on your head. [potion of mutation]
 32541 | Snake:3  | Learned a level 2 spell: Slow
 32782 | Snake:4  | Entered Level 4 of the Snake Pit
 32931 | Snake:4  | Reached skill level 18 in Dodging
 33561 | Snake:4  | Found Sifuz's Antique Weapon Shoppe.
 33566 | Snake:4  | Bought a glowing blowgun for 198 gold pieces
 33935 | Snake:4  | Reached skill level 5 in Throwing
 34595 | Snake:4  | Got a serpentine rune of Zot
 34930 | Shoals:1 | Reached skill level 19 in Dodging
 34930 | Shoals:1 | Reached XP level 20. HP: 133/165 MP: 30/30
 36984 | Shoals:3 | Reached skill level 10 in Throwing
 37091 | Shoals:4 | Entered Level 4 of the Shoals
 37099 | Shoals:4 | Learned a level 4 spell: Petrify
 37160 | Shoals:4 | Got a polished trident
 37237 | Shoals:4 | Identified the cursed +0 trident of Division {flame, Int+2} (You found it on level 4 of the Shoals)
 37358 | Shoals:4 | Found Dische Refao's Jewellery Boutique.
 37379 | Shoals:4 | Bought an uncursed ring of protection from fire for 475 gold pieces
 37394 | Shoals:4 | Noticed Ilsuiw
 37415 | Shoals:4 | Killed Ilsuiw
 37532 | Shoals:4 | Reached skill level 20 in Dodging
 37731 | Shoals:4 | Got a barnacled rune of Zot
 37885 | Shoals:4 | Got a fine amber ring
 38104 | Shoals:4 | Identified the ring of Idwim {+Fly MP-9 Dex+5} (You found it on level 4 of the Shoals)
 38184 | Shoals:4 | Learned a level 6 spell: Hydra Form
 38347 | Shoals:4 | Noticed Mara
 38350 | Shoals:4 | Noticed MatthieuS's illusion
 38657 | Vaults:1 | Entered Level 1 of the Vaults
 39228 | Vaults:1 | Got a faintly glowing crystal plate armour
 39239 | Vaults:1 | Identified the +4 crystal plate armour "Uloev" {rElec rF- Int+4 Dex+5} (You acquired it on level 1 of the Vaults)
 39375 | Vaults:1 | Reached XP level 21. HP: 172/172 MP: 32/32
 39851 | Vaults:1 | Found Pumoar's Armour Boutique.
 39859 | Vaults:1 | Bought a +2 buckler of cold resistance for 365 gold pieces
 40533 | Vaults:2 | Found a radiant altar of Vehumet.
 40544 | Vaults:2 | Lost mutation: You occasionally shout uncontrollably at your foes. [potion of mutation]
 40544 | Vaults:2 | Lost mutation: You have a pair of antennae on your head. [potion of mutation]
 40544 | Vaults:2 | Lost mutation: You have an increased reservoir of magic. (+10% MP) [potion of mutation]
 40544 | Vaults:2 | Lost mutation: You are surrounded by a mild repulsion field. (EV +2) [potion of mutation]
 40544 | Vaults:2 | Lost mutation: You have a pair of small antennae on your head. [potion of mutation]
 40544 | Vaults:2 | Gained mutation: Your mind is acute. (Int +2) [potion of mutation]
 40544 | Vaults:2 | Gained mutation: Your magical capacity is low. (-10% MP) [potion of mutation]
 40544 | Vaults:2 | Gained mutation: Your mind is very acute. (Int +4) [potion of mutation]
 40544 | Vaults:2 | Gained mutation: You are partially covered in icy blue scales. (AC +2) [potion of mutation]
 40745 | Vaults:2 | Found Ysungoc's Antique Armour Shoppe.
 41584 | Vaults:2 | Noticed Frederick
 41587 | Vaults:2 | Reached skill level 21 in Dodging
 41619 | Vaults:1 | Killed Frederick
 43289 | Vaults:2 | Found a staircase to the Crypt.
 43886 | Vaults:3 | Reached XP level 22. HP: 80/185 MP: 23/27
 44644 | Vaults:3 | Found Azeajeh's Magic Scroll Emporium.
 44682 | Vaults:3 | Found Ciugeisch's Antique Weapon Boutique.
 45859 | Vaults:4 | Reached skill level 22 in Dodging
 46283 | Vaults:3 | Found Igibuwudd's Gadget Shop.
 46342 | Vaults:2 | Bought a pair of runed boots for 247 gold pieces
 46549 | Vaults:4 | Got a warped falchion
 46551 | Vaults:4 | Identified the +3 falchion "Nualunai" {venom, rF- rC+ Dex+3 Stlth+} (You acquired it on level 4 of the Vaults)
 46599 | Vaults:4 | The Shining One protects you from harm!
 46601 | Vaults:4 | HP: 4/188 [vault warden/enchanted halberd (22)]
 46607 | Vaults:4 | Slain by a vault warden

Vault maps used:
D:1:      dpeg_arrival_water_fire
D:3:      first_bread, uniq_jessica
D:4:      led_sif_book, kennysheep_mini
D:5:      old_standard_altar, serial_shops, nicolae_shop_crystal,
          kennysheep_donut, vehumet_altar_wand_db
D:6:      nicolae_overflow_hidden_temple, temple_hall_moat, lightli_minifort
D:7:      makhleb_altar_promises_db, serial_shops, shop, enter_ossuary_4
D:8:      xom_confusion_cloud, uniq_maurice, uniq_erica, uniq_joseph
D:10:     minmay_orc_entry_temple_small, enter_bailey_2, serial_shops, shop,
          shop, shop, shop, nicolae_shop_trees, uniq_urug, uniq_fannar
D:11:     lair_entry_dummy, serial_shops, kennysheep_little_box, basic_altar,
          the_bakery, mrwooster_statue_mirror, okawaru_humans
D:12:     serial_shops, nicolae_shop_statue_plus, uniq_nergalle, uniq_sonja
D:13:     erik_vaults_2, enter_trove_1, kennysheep_decorative_pillar,
          cheibriados_altar_1
D:14:     hangedman_decor_push, hangedman_corner_corridor
D:15:     hangedman_depths_entry_civil_slaughter, kennysheep_doodads,
          serial_shops, shop, dispersion_dpeg
Temple:   jpeg_temple_clearing
Lair:1:   serial_bayou_lagoon_b
Lair:2:   minmay_snake_entry_guardpost_small
Lair:3:   basic_altar, minmay_lair_oklob_chamber, grunt_megastairs_4,
          uniq_snorg, uniq_harold, uniq_rupert
Lair:4:   minmay_shoals_entry_hut, nicolae_quartered_pool_medium,
          lookout_lair_type, lemuel_fruit_tree
Lair:6:   cheibrodos_lair_end_hotspot, slime_altar_1
Shoals:2: nicolae_shoals_square_sea_wall, nicolae_shoals_dead_sea_scrolls
Shoals:3: nicolae_shoals_this_corrosion
Shoals:4: shoals_end_grunt_ice, shoals_ilsuiw_ice, serial_shops, shop_statue,
          uniq_mara
Snake:2:  basic_altar
Snake:3:  serial_shops, shop, serial_bayou_shore_a
Snake:4:  snake_pit, serial_shops, shop, hangedman_snake_corridor_split
Orc:1:    nicolae_orc_accident_3
Orc:2:    st_orc_mages, serial_shops, shop, shop, shop
Vaults:1: kb_rosetta, v_misc_23, nicolae_vaults_little_squares_6,
          v_alt_pattern_4, hangedman_vaults_restitches, v_misc_8,
          ontoclasm_vaults_ring_large, hangedman_vaults_trim,
          nicolae_vaults_twisting_passages, hangedman_vaults_snaps,
          serial_shops, shop
Vaults:2: v_misc_14, nicolae_vaults_rhombus_5, v_misc_19, v_misc_17,
          hangedman_vaults_trim, v_misc_2, v_misc_30, dpeg_vaults_monster_box,
          blue_anna_dwarven_crypt, st_quartered_hall,
          nicolae_vaults_diagonal_hallway_7, hangedman_vaults_maws, v_misc_15,
          serial_shops, shop, basic_altar, uniq_frederick
Vaults:3: v_alt_pattern_1, v_misc_33, ontoclasm_vaults_idyll, v_misc_8,
          v_alt_pattern_4, vaults_mumra_lcd, st_eye, dpeg_vaults_monster_row,
          ontoclasm_vaults_ligature, serial_shops, shop, shop,
          nicolae_shop_stone, nicolae_shop_window_shopping
Vaults:4: ontoclasm_vaults_ring_square, nicolae_vaults_rhombus_5, v_misc_3,
          v_misc_1, v_misc_5, v_misc_32, nicolae_vaults_halls_meeting,
          ontoclasm_vaults_ring_small, vaults_room_door_ring,
          nicolae_vaults_mini_display_case, nicolae_vaults_border_crossing,
          nicolae_vaults_theta, v_misc_14, v_misc_8, ontoclasm_vaults_ring_large
Ossuary:  ossuary_minmay_chase
Bailey:   bailey_polearm_1, bailey

Skill      XL: |  1  2  3  4  5  6  7  8  9 10 11 12 13 14 15 16 17 18 19 20 21 22 |
---------------+-------------------------------------------------------------------+-----
Long Blades    | 4 5 6 7 10 11 13 14 16 17 18 19 20 | 20.3
Fighting       | 3 5 6 8 9 10 11 12 13 14 15 16 18 19 | 19.6
Dodging        | 5 6 8 9 11 13 14 15 16 17 19 20 21 22 | 22.1
Shields        | 2 4 5 6 |  6.3
Evocations     | 2 3 |  3.5
Invocations    | 3 5 7 9 10 11 12 | 12.7
Armour         | 2 3 |  3.1
Throwing       | 3 7 11 | 11.9
Transmutations | 4 5 8 9 |  9.0
Spellcasting   | 5 6 |  6.0

Action                   |  1- 3 |  4- 6 |  7- 9 | 10-12 | 13-15 | 16-18 | 19-21 | 22-24 || total
-------------------------+-------+-------+-------+-------+-------+-------+-------+-------++-------
Melee: Long sword        |   126 |   146 |   488 |       |       |       |       |       ||   760
       Whip              |     3 |       |       |       |       |       |       |       ||     3
       Tailslap          |       |       |    12 |     1 |     2 |     7 |    56 |       ||    78
       Scimitar          |       |       |    37 |   470 |    35 |     6 |       |       ||   548
       Great sword       |       |       |       |   156 |   937 |   308 |  1448 |   293 ||  3142
 Fire: Blowgun           |       |       |       |       |    36 |       |   173 |       ||   209
Throw: Throwing net      |       |       |       |       |     1 |       |       |       ||     1
 Cast: Petrify           |       |       |       |       |       |       |     1 |       ||     1
Invok: Divine Shield     |       |       |       |     2 |     6 |       |     2 |       ||    10
       Summon Divine War |       |       |       |       |     4 |     7 |    18 |     2 ||    31
       Cleansing Flame   |       |       |       |       |       |       |     5 |       ||     5
Evoke: Wand              |       |       |    19 |       |     3 |       |       |       ||    22
       Box of beasts     |       |       |       |       |       |       |     1 |       ||     1
       Fan of gales      |       |       |       |       |       |       |     1 |       ||     1
  Use: Scroll            |     2 |     4 |     5 |     9 |    18 |     3 |    23 |     3 ||    67
       Potion            |       |     6 |     2 |     4 |     6 |     3 |    15 |     4 ||    40
 Stab: Sleeping          |       |       |     2 |       |       |       |       |       ||     2
  Eat: Chunk             |     2 |     5 |     4 |    15 |    22 |     5 |     6 |     4 ||    63
       Bread ration      |       |     1 |       |     1 |     4 |     2 |     3 |       ||    11
       Royal jelly       |       |       |     5 |       |       |       |       |       ||     5
       Fruit             |       |       |       |     5 |       |       |    10 |       ||    15
       Meat ration       |       |       |       |       |       |       |     4 |     1 ||     5
Armor: Ring mail         |    61 |    44 |    74 |    79 |    45 |       |       |       ||   303
       Skin              |       |     9 |       |       |       |       |       |       ||     9
       Chain mail        |       |       |    19 |       |       |       |       |       ||    19
       Steam dragon scal |       |       |       |       |   127 |     8 |       |       ||   135
       Leather armour    |       |       |       |       |       |    43 |    35 |    23 ||   101
       Scale mail        |       |       |       |       |       |    25 |   207 |       ||   232
       Acid dragon scale |       |       |       |       |       |       |     1 |       ||     1
Dodge: Dodged            |    84 |    77 |   273 |   380 |   972 |   432 |  1558 |   291 ||  4067
Block: Buckler           |     5 |    18 |   152 |   146 |     6 |       |       |       ||   327
       Other             |       |       |       |    26 |    70 |       |    13 |       ||   109
       Rpst.: Long sword |    24 |    21 |    85 |       |       |       |       |       ||   130
       Scimitar          |       |       |     6 |    65 |     1 |       |       |       ||    72
       Great sword       |       |       |       |    34 |   227 |    77 |   276 |   121 ||   735
